[Event "Titled Tuesday Blitz August 15 Early 2023"]
[White "Rodchenkov, Sergey D."]
[Black "Vaibhav, Suri"]
[WhiteFideId "4168712"]
[BlackFideId "5045185"]
[WhiteElo "2509"]
[BlackElo "2716"]
[Result "1/2-1/2"]
[Round "4"]
[TimeControl "180+1"]
[Date "2023.08.15"]
[WhiteClock "0:00:19"]
[BlackClock "0:00:22"]
[Board "74"]

1. e4 c5 2. Nf3 d6 3. d4 cxd4 4. Nxd4 Nf6 5. Nc3 Nc6 6. Bg5 Bd7 7. Qd3 Rc8 8. O-O-O Qb6 9. f3 Ne5 10. Qd2 h6 11. Be3 Qa5 12. Nb3 Qc7 13. Nb5 Bxb5 14. Bxb5+ Nfd7 15. Nc5 a6 16. Nxd7 Nxd7 17. Be2 e6 18. Kb1 Be7 19. Bd4 Nf6 20. Bxf6 Bxf6 21. c3 Rd8 22. f4 O-O 23. g4 Qc5 24. h4 Be7 25. g5 Kh7 26. Bd3 h5 27. f5 Qe5 28. Qe2 Rh8 29. Qxh5+ Kg8 30. Qg4 b5 31. Bc2 Re8 32. f6 Bd8 33. fxg7 Kxg7 34. Rhg1 a5 35. h5 a4 36. h6+ Kg8 37. g6 f6 38. Qh4 f5 39. Qh5 f4 40. Qxe5 dxe5 41. h7+ Kg7 42. Rd7+ Be7 43. Bd1 Rhf8 44. Bh5 f3 45. Rf1 f2 46. Kc2 Kh6 47. Kd2 Bg5+ 48. Ke2 Rd8 49. Rxd8 Rxd8 50. Rxf2 Rd2+ 51. Kf3 Rxf2+ 52. Kxf2 Bf6 53. Bg4 Kxg6 54. Bxe6 Kxh7 55. Bd7 b4 56. cxb4 Be7 57. a3 Bg5 58. Bxa4 Bc1 59. b5 Bxb2 60. Ke2 Bxa3 61. b6 Bc5 62. b7 Ba7 63. Kd3 Kg7 64. Kc4 Kf6 65. Kd5 Bb8 66. Bd7 Ke7 67. Bf5 Kd8 68. Kc6 Ke7 69. Bd7 Kd8 70. Bg4 Ke7 71. Be2 Kd8 72. Bc4 Ke7 73. Ba6 Kd8 74. Kd5 Ke7 75. Bb5 Bc7 76. Kc6 Bb8 77. Kb6 Kd6 78. Bc4 Kd7 79. Bf7 Kd6 80. Bg6 Kd7 81. Bf5+ Kd6 82. Bh3 Ke7 83. Kc6 Bd6 84. Bd7 Bb8 85. Bf5 Bd6 86. Kd5 Bb8 87. Kc5 Kd8 88. Kb6 Ke7 89. Bg4 Kd8 90. Bh3 Ke7 91. Kc6 Kd8 92. Bc8 Ke7 93. Kd5 Bc7 94. Bg4 Bb8 95. Bh3 Bc7 96. Bc8 Bb8 97. Kc6 Kd8 98. Kc5 Ke7 99. Kd5 Bc7 100. Kc5 Bb8 101. Kb5 Kd6 102. Kb6 Ke7 103. Kc6 Kd8 104. Bd7 Ke7 105. Bg4 Kd8 106. Kd5 Ke7 107. Bc8 1/2-1/2


[Site "https://www.chess.com"]

[Event "Titled Tuesday Blitz August 15 Early 2023"]
[White "maksimys18"]
[Black "Kuznetsov, Felix"]
[BlackFideId "34147990"]
[WhiteElo "2508"]
[BlackElo "2712"]
[Result "1-0"]
[Round "4"]
[TimeControl "180+1"]
[Date "2023.08.15"]
[WhiteClock "0:00:20"]
[BlackClock "0:00:01"]
[Board "75"]

1. d4 Nf6 2. Nf3 e6 3. c4 b6 4. Nc3 Bb4 5. Bg5 Bb7 6. e3 h6 7. Bh4 g5 8. Bg3 Ne4 9. Qc2 Bxc3+ 10. bxc3 d6 11. Bd3 f5 12. d5 Nd7 13. Nd4 Ndc5 14. f3 Nxg3 15. hxg3 Qf6 16. g4 fxg4 17. Bg6+ Ke7 18. O-O-O e5 19. Nf5+ Kd7 20. Bh5 gxf3 21. gxf3 Raf8 22. Bg4 Kd8 23. e4 Bc8 24. Rh5 Bxf5 25. Bxf5 a5 26. Rdh1 Qg7 27. Kb1 Rf6 28. Bg4 Rf4 29. Qh2 Nxe4 30. Rxh6 Rxh6 31. Qxh6 Qxh6 32. Rxh6 Nxc3+ 33. Kc2 Rxc4 34. Kd3 Rc5 35. Rh8+ Ke7 36. Rh7+ Kf6 37. Bh5 Nxd5 38. Ke4 Nf4 39. Be8 Rc3 40. Rh6+ Kg7 41. Rh2 Kf8 42. Bd7 Ke7 43. Rh7+ Kf6 44. Rh6+ Ng6 45. Be8 c6 46. Rxg6+ Ke7 47. Rg8 Rc4+ 48. Kd3 Ra4 49. Bxc6 Rxa2 50. Rxg5 a4 51. Kc3 Ra1 52. Kb2 Rf1 53. Rg7+ Kf6 54. Rb7 Kf5 55. Rxb6 Kf4 56. Rb8 Ke3 57. Rd8 Rd1 58. Bxa4 Kxf3 59. Bxd1+ 1-0


[Site "https://www.chess.com"]

[Event "Titled Tuesday Blitz August 15 Early 2023"]
[White "Starozhilov, Leonid"]
[Black "Yashmetov, Mikhail"]
[WhiteFideId "14106752"]
[BlackFideId "24198900"]
[WhiteElo "2711"]
[BlackElo "2488"]
[Result "1/2-1/2"]
[Round "4"]
[TimeControl "180+1"]
[Date "2023.08.15"]
[WhiteClock "0:00:06"]
[BlackClock "0:00:03"]
[Board "76"]

1. e4 c5 2. Nf3 Nc6 3. Nc3 e5 4. Bc4 d6 5. d3 Be7 6. Ng5 Bxg5 7. Qh5 g6 8. Qxg5 Qxg5 9. Bxg5 Be6 10. Nd5 Kd7 11. c3 Rb8 12. a4 Nce7 13. Bb5+ Nc6 14. b4 a6 15. Bc4 b5 16. axb5 axb5 17. Bb3 cxb4 18. cxb4 Rb7 19. Be3 Nxb4 20. Nxb4 Bxb3 21. Kd2 Ne7 22. Rhb1 Be6 23. Ra6 Rc8 24. Rba1 Nc6 25. Rb1 Nxb4 26. Rxb4 Rcb8 27. f4 exf4 28. Bxf4 Rb6 29. Ra7+ R8b7 30. Ra8 Rb8 31. Ra5 R8b7 32. Be3 Rc6 33. Rbxb5 Rxb5 34. Rxb5 Rc7 35. Bf4 Rc6 36. Rb7+ Rc7 37. Rb8 Rc8 38. Rxc8 Kxc8 39. Bxd6 Kd7 40. Be5 f5 41. Ke3 fxe4 42. Kxe4 Kc6 43. g3 Bf5+ 44. Kd4 g5 45. Bf6 g4 46. Ke3 Kd5 47. d4 h5 48. Kf4 Bd7 49. Be5 Be8 50. Kg5 Ke6 51. Kh6 Bf7 52. Kg7 Be8 53. Kf8 Bg6 54. Bf4 Kd5 55. Kg7 Be8 56. Be3 Ke6 57. Bf2 Kd5 58. Kf6 Bd7 59. Kf7 Bc6 60. Be3 Bd7 61. Ke7 Bc6 62. Kf6 Bd7 63. Kg5 Be8 64. Kh4 Bf7 65. Bf4 Be8 66. Be5 Bf7 67. h3 Be8 68. hxg4 hxg4 69. Kxg4 Ke6 70. Kg5 Bf7 71. Kh6 Kf5 72. Kg7 Bd5 73. Kf8 Ke4 74. Ke7 Bc4 75. Kd6 Bg8 76. Kc5 Kf5 77. Bf4 Ke4 78. Bd2 Bf7 79. g4 Be6 80. g5 Bf7 81. Ba5 Kf5 82. Bd8 Ke4 83. Bf6 Bd5 84. g6 Bg8 85. g7 Kf5 86. Be5 Ke6 87. Kc6 Kf5 88. Kd7 Kg6 89. Ke7 Bf7 90. Kd6 Bg8 91. d5 Kf5 92. Bb2 Ke4 93. Kd7 Bxd5 94. g8=Q Bxg8 1/2-1/2


[Site "https://www.chess.com"]

[Event "Titled Tuesday Blitz August 15 Early 2023"]
[White "Pinero Rodriguez, Carlos Jose"]
[Black "Priasmoro, Novendra"]
[WhiteFideId "3901726"]
[BlackFideId "7105029"]
[WhiteElo "2471"]
[BlackElo "2706"]
[Result "0-1"]
[Round "4"]
[TimeControl "180+1"]
[Date "2023.08.15"]
[WhiteClock "0:00:02"]
[BlackClock "0:00:08"]
[Board "77"]

1. e4 c5 2. Nf3 Nc6 3. Bb5 e6 4. O-O Nge7 5. c3 a6 6. Bd3 Ng6 7. Bc2 Be7 8. d4 cxd4 9. cxd4 O-O 10. Nc3 d5 11. e5 f5 12. exf6 Bxf6 13. Re1 Nge7 14. Bf4 Nf5 15. Bxf5 exf5 16. Ne5 g5 17. Nxc6 bxc6 18. Be5 f4 19. f3 Bf5 20. Bxf6 Qxf6 21. Qd2 Rfe8 22. Na4 Rab8 23. Nc5 a5 24. a3 Kf7 25. Rac1 h5 26. h3 h4 27. Kh2 Kg6 28. Rcd1 Kf7 29. Rxe8 Rxe8 30. Qxa5 Re2 31. Rd2 Re1 32. Qc7+ Kg6 33. a4 Re7 34. Qb8 Qf7 35. a5 Ra7 36. a6 Kg7 37. Qe5+ Kg6 38. Qd6+ Kh5 39. Re2 Bc8 40. Re5 Bxa6 41. Ne6 Qf6 42. Rxg5+ Kh6 43. Qe5 Qxe5 44. Rxe5 Rf7 45. Nc5 Bb5 46. Re1 Kg5 47. Re5+ Kf6 48. Kg1 Ra7 49. Rh5 Ra2 50. Rxh4 Kg5 51. Rg4+ Kf5 52. Nd7 Rxb2 53. Kh2 Be2 54. h4 Bxf3 55. Rg5+ Ke6 56. Nc5+ Kf6 57. Nd7+ Ke7 58. Nc5 Bd1 59. h5 f3 60. Kg1 f2+ 61. Kf1 Kf6 62. Rg3 Bxh5 63. Nd3 Be2+ 64. Kxf2 Bxd3+ 65. Ke3 Be4 0-1


[Site "https://www.chess.com"]

[Event "Titled Tuesday Blitz August 15 Early 2023"]
[White "Spichkin, Alexander"]
[Black "GaiozNigalidze"]
[WhiteFideId "4144074"]
[WhiteElo "2468"]
[BlackElo "2698"]
[Result "0-1"]
[Round "4"]
[TimeControl "180+1"]
[Date "2023.08.15"]
[WhiteClock "0:01:34"]
[BlackClock "0:00:37"]
[Board "78"]

1. f4 d5 2. Nf3 Bg4 3. e3 Nc6 4. c4 Nf6 5. cxd5 Nxd5 6. Nc3 e6 7. Bb5 Nb4 8. O-O a6 9. Bxc6+ Nxc6 10. Qa4 Bxf3 11. Rxf3 Be7 12. Rg3 O-O 13. d4 Nb4 14. a3 Nd3 15. Qd1 Nxc1 16. Rxc1 c5 17. d5 Bf6 18. Ne4 Bxb2 19. Rc2 exd5 20. Nxc5 Bf6 21. Nxb7 Qe7 22. Nc5 Rfc8 23. Qxd5 Rab8 24. Qf5 Bh4 25. Rh3 Rb1+ 0-1


[Site "https://www.chess.com"]

[Event "Titled Tuesday Blitz August 15 Early 2023"]
[White "Liu, Casper"]
[Black "Skvortsov, Andrei"]
[WhiteFideId "1454153"]
[BlackFideId "24108600"]
[WhiteElo "2463"]
[BlackElo "2695"]
[Result "1/2-1/2"]
[Round "4"]
[TimeControl "180+1"]
[Date "2023.08.15"]
[WhiteClock "0:00:09"]
[BlackClock "0:00:12"]
[Board "79"]

1. e4 d5 2. exd5 Qxd5 3. Qf3 Nf6 4. Nc3 Qxf3 5. Nxf3 Nc6 6. d4 Nb4 7. Bb5+ Bd7 8. Bxd7+ Kxd7 9. Kd2 c6 10. Ne5+ Ke8 11. a3 Nbd5 12. Nxd5 Ne4+ 13. Ke2 cxd5 14. f3 Nd6 15. Bd2 f6 16. Nd3 Rc8 17. c3 e6 18. Nf4 Kd7 19. Kd3 Be7 20. Rhe1 Nc4 21. Rxe6 Nxb2+ 22. Kc2 Nc4 23. Rae1 Bxa3 24. Nxd5 Bd6 25. h4 Rhe8 26. Rxe8 Rxe8 27. h5 Rxe1 28. Bxe1 Kc6 29. h6 Bf8 30. hxg7 Bxg7 31. Ne7+ Kb5 32. Nf5 Bf8 33. g4 a5 34. Bh4 a4 35. Bxf6 a3 36. Kb3 Nd2+ 37. Ka2 Nxf3 38. Ne3 Nd2 39. Be5 Nc4 40. Nd5 h6 41. Kb3 Na5+ 42. Ka2 Kc4 43. Nb6+ Kxc3 44. d5+ Kb4 45. d6 Nc6 46. d7 Kb5 47. Nd5 Kc5 48. Nc7 Be7 49. Bg7 Kd6 50. Nb5+ Kxd7 51. Bxh6 Ke6 52. Nxa3 Nb4+ 53. Kb3 Nd5 54. g5 Nf4 55. Nc4 Ng6 56. Na5 b6 57. Nc4 Bc5 58. Ka4 Kd5 59. Kb5 Ne7 60. Nxb6+ Bxb6 61. Kxb6 Ng6 62. Kc7 Ke6 63. Kd8 Kf7 64. Kd7 Nh4 65. Kc6 Kg6 66. Kd5 Nf3 67. Ke6 Nxg5+ 1/2-1/2


[Site "https://www.chess.com"]

[Event "Titled Tuesday Blitz August 15 Early 2023"]
[White "Gorovets, Andrey"]
[Black "Ben Artzi, Ido"]
[WhiteFideId "13504037"]
[BlackFideId "2810913"]
[WhiteElo "2694"]
[BlackElo "2455"]
[Result "1-0"]
[Round "4"]
[TimeControl "180+1"]
[Date "2023.08.15"]
[WhiteClock "0:02:05"]
[BlackClock "0:00:01"]
[Board "80"]

1. d4 Nf6 2. c4 g6 3. Nc3 Bg7 4. e4 d6 5. f3 O-O 6. Nge2 e5 7. Be3 exd4 8. Nxd4 Nc6 9. Be2 Bd7 10. Nc2 a6 11. Qd2 Ne5 12. O-O b5 13. cxb5 axb5 14. Nxb5 Qb8 15. a4 Be6 16. Ncd4 Nc4 17. Bxc4 Bxc4 18. Rfc1 d5 19. exd5 Bxd5 20. Nxc7 Ra7 21. Ndb5 Rb7 22. Nxd5 1-0


[Site "https://www.chess.com"]

[Event "Titled Tuesday Blitz August 15 Early 2023"]
[White "Rangel, Daniel"]
[Black "Hua, Lefong"]
[WhiteFideId "2124475"]
[BlackFideId "2602253"]
[WhiteElo "2454"]
[BlackElo "2691"]
[Result "0-1"]
[Round "4"]
[TimeControl "180+1"]
[Date "2023.08.15"]
[WhiteClock "0:00:10"]
[BlackClock "0:00:39"]
[Board "81"]

1. d4 Nf6 2. c4 c5 3. Nf3 g6 4. g3 Bg7 5. Bg2 O-O 6. O-O d6 7. Nc3 Nc6 8. b3 Bf5 9. Bb2 Ne4 10. Nxe4 Bxe4 11. Qd2 cxd4 12. Nxd4 Bxg2 13. Kxg2 Qb6 14. Nxc6 Qxc6+ 15. Kg1 Bxb2 16. Qxb2 b5 17. Rac1 Rac8 18. cxb5 Qxb5 19. e3 h5 20. Rxc8 Rxc8 21. Rc1 Rxc1+ 22. Qxc1 Qe2 23. Qc8+ Kg7 24. Qc3+ Kh7 25. a4 h4 26. gxh4 Qd1+ 27. Kg2 Qg4+ 28. Kf1 Qxh4 29. Kg2 Qg4+ 30. Kf1 e5 31. b4 Qd1+ 32. Kg2 Qxa4 33. Qc7 Qe8 34. Qxa7 Qc6+ 35. Kg3 Kg7 36. Qb8 f5 37. b5 Qe4 38. h3 f4+ 39. exf4 exf4+ 40. Kh2 Qe5 41. Qc7+ Kh6 42. b6 f3+ 43. Kh1 Qe1+ 44. Kh2 Qxf2+ 45. Kh1 Qg2# 0-1


[Site "https://www.chess.com"]

[Event "Titled Tuesday Blitz August 15 Early 2023"]
[White "Matinian, Nikita"]
[Black "Herman, Daniel"]
[WhiteFideId "24129100"]
[BlackFideId "30935008"]
[WhiteElo "2690"]
[BlackElo "2441"]
[Result "1-0"]
[Round "4"]
[TimeControl "180+1"]
[Date "2023.08.15"]
[WhiteClock "0:02:08"]
[BlackClock "0:00:29"]
[Board "82"]

1. e4 g6 2. d4 Bg7 3. Nc3 d6 4. f4 Nf6 5. Nf3 O-O 6. e5 Nfd7 7. Bc4 e6 8. Be3 b6 9. h4 Bb7 10. h5 c5 11. hxg6 hxg6 12. Ng5 Qe7 13. Qg4 Re8 14. Rh4 Kf8 15. Qh3 Qd8 16. exd6 Nf6 17. Rh8+ Bxh8 18. Qxh8+ Ng8 19. Nh7# 1-0


[Site "https://www.chess.com"]

[Event "Titled Tuesday Blitz August 15 Early 2023"]
[White "Nathan, Nitish"]
[Black "Maltsevskaya, Aleksandra"]
[WhiteFideId "30927870"]
[BlackFideId "24174041"]
[WhiteElo "2439"]
[BlackElo "2684"]
[Result "1/2-1/2"]
[Round "4"]
[TimeControl "180+1"]
[Date "2023.08.15"]
[WhiteClock "0:00:18"]
[BlackClock "0:00:06"]
[Board "83"]

1. d4 Nf6 2. Be3 g6 3. c4 Bg7 4. Nc3 O-O 5. Nf3 d6 6. Bf4 Nbd7 7. e3 Re8 8. Be2 b6 9. O-O Bb7 10. h3 e5 11. Bh2 h6 12. b4 exd4 13. Nxd4 a5 14. a3 Ne4 15. Nxe4 Bxe4 16. Bf3 Bxf3 17. Qxf3 Ne5 18. Qd5 c6 19. Qe4 c5 20. bxc5 dxc5 21. Nb5 Nd3 22. Qb7 Bxa1 23. Nc7 Be5 24. Bxe5 Nxe5 25. Nxa8 Qxa8 26. Qxb6 Nxc4 27. Qxc5 Rc8 28. Qe7 Qc6 29. Rd1 Qc5 30. Qf6 Ne5 31. a4 Re8 32. Rb1 Qc6 33. Qf4 Nd3 34. Qxh6 Nxf2 35. Rf1 Ne4 36. Qf4 Qe6 37. Rb1 Nd6 38. Re1 Nf5 39. e4 Nd4 40. e5 Qb6 41. Kh2 Ne6 42. Qf6 Qc5 43. Rf1 Qe7 44. Qf3 Nd4 45. Qf2 Qxe5+ 46. Kh1 Nf5 47. Rb1 Ng3+ 48. Kg1 Ne4 49. Qh4 Qd4+ 50. Kh2 Qd6+ 51. Kg1 Qf6 52. Qxf6 Nxf6 53. Rb5 Re4 54. Rxa5 Re1+ 55. Kf2 Ra1 56. Ra8+ Kg7 57. a5 Ne4+ 58. Ke3 Nd6 59. Kd4 Nb5+ 60. Kc5 Nc7 61. Ra7 Ne6+ 62. Kb6 Rb1+ 63. Kc6 Rc1+ 64. Kd6 Rc2 65. a6 Rxg2 66. Re7 Ra2 67. a7 Nd4 68. Kc5 Nf5 69. Rd7 Kf6 70. Kb6 Kg5 71. Rd8 Rb2+ 72. Kc6 Ne7+ 73. Kd7 Ra2 74. a8=Q Rxa8 75. Rxa8 Nf5 76. Rh8 f6 77. Ke6 Ng7+ 78. Kf7 Nh5 79. Ra8 Nf4 80. Ra3 f5 81. Kg7 Ne6+ 82. Kf7 Nf4 83. Kg7 Nh5+ 84. Kf7 f4 85. Ra5+ Kh4 86. Ra3 Kg5 87. Ra5+ Kh4 88. Ra3 Kg5 1/2-1/2


[Site "https://www.chess.com"]

[Event "Titled Tuesday Blitz August 15 Early 2023"]
[White "Huschenbeth, Niclas"]
[Black "Bueno, Alfeu Junior Varela"]
[WhiteFideId "24604747"]
[BlackFideId "2108879"]
[WhiteElo "2682"]
[BlackElo "2435"]
[Result "0-1"]
[Round "4"]
[TimeControl "180+1"]
[Date "2023.08.15"]
[WhiteClock "0:01:05"]
[BlackClock "0:01:26"]
[Board "84"]

1. e4 e6 2. d4 d5 3. Nc3 Nf6 4. Bg5 Be7 5. e5 Nfd7 6. h4 O-O 7. f4 c5 8. Nf3 Nc6 9. Bxe7 Qxe7 10. Ne2 cxd4 11. Qd2 f6 12. Nexd4 fxe5 13. Nxc6 bxc6 14. fxe5 Rb8 15. O-O-O Nc5 16. Qd4 Rb4 17. Qe3 Na4 18. b3 Re4 19. Qxa7 Qxa7 0-1


[Site "https://www.chess.com"]

[Event "Titled Tuesday Blitz August 15 Early 2023"]
[White "dr_tatiana"]
[Black "Dehtiarov, Roman"]
[BlackFideId "14186640"]
[WhiteElo "2433"]
[BlackElo "2676"]
[Result "1-0"]
[Round "4"]
[TimeControl "180+1"]
[Date "2023.08.15"]
[WhiteClock "0:00:15"]
[BlackClock "0:00:00"]
[Board "85"]

1. e4 e6 2. d4 d5 3. Nd2 c5 4. Ngf3 cxd4 5. Nxd4 Nc6 6. Bb5 Bd7 7. Nxc6 bxc6 8. Bd3 Bd6 9. c4 d4 10. O-O Qc7 11. Qg4 g6 12. f4 e5 13. Qh4 f6 14. Nf3 exf4 15. e5 fxe5 16. Bxg6+ hxg6 17. Qxh8 O-O-O 18. c5 Bxc5 19. Qxe5 Qxe5 20. Nxe5 g5 21. Bd2 Bb6 22. Rac1 Ne7 23. a4 a5 24. Nc4 Ba7 25. Bxa5 Rh8 26. Ne5 Be8 27. Bb4 1-0


[Site "https://www.chess.com"]

[Event "Titled Tuesday Blitz August 15 Early 2023"]
[White "Todorovic, Bojan"]
[Black "Papasimakopoulos, Alexandros"]
[WhiteFideId "917087"]
[BlackFideId "4244125"]
[WhiteElo "2432"]
[BlackElo "2672"]
[Result "0-1"]
[Round "4"]
[TimeControl "180+1"]
[Date "2023.08.15"]
[WhiteClock "0:00:37"]
[BlackClock "0:01:52"]
[Board "86"]

1. Nf3 d5 2. c4 e6 3. g3 Nf6 4. Bg2 Be7 5. O-O O-O 6. b3 b6 7. Bb2 Bb7 8. e3 dxc4 9. bxc4 c5 10. Nc3 Nc6 11. d3 Nb4 12. Ne5 Bxg2 13. Kxg2 Bd6 14. d4 cxd4 15. exd4 Rc8 16. Nb5 Bb8 17. Qb3 Nc6 18. Rfd1 Na5 19. Qf3 Nxc4 20. Nc6 Qd7 21. Nxb8 Qxb5 0-1


[Site "https://www.chess.com"]

[Event "Titled Tuesday Blitz August 15 Early 2023"]
[White "Aaditya Dhingra"]
[Black "Li, Eric"]
[WhiteFideId "25678191"]
[BlackFideId "30939941"]
[WhiteElo "2666"]
[BlackElo "2422"]
[Result "1-0"]
[Round "4"]
[TimeControl "180+1"]
[Date "2023.08.15"]
[WhiteClock "0:00:38"]
[BlackClock "0:00:54"]
[Board "87"]

1. d4 Nf6 2. c4 e6 3. Nc3 Bb4 4. Qc2 d5 5. cxd5 exd5 6. Bg5 h6 7. Bh4 g5 8. Bg3 Ne4 9. e3 h5 10. f3 Nxg3 11. hxg3 c6 12. Bd3 Nd7 13. O-O-O Nf6 14. Nge2 Be6 15. Kb1 Qe7 16. a3 Ba5 17. Nc1 O-O-O 18. Na4 Bc7 19. Nc5 Bxg3 20. Qa4 Bb8 21. Ba6 Rd7 22. Qxc6+ Rc7 23. Bxb7+ Kd8 24. Qb5 Bd7 25. Qb3 Bf5+ 26. Ka1 Qd6 27. N1d3 Qb6 28. Bxd5 Qxb3 29. Bxb3 Re7 30. e4 Bg6 31. Ne5 g4 32. Nc6+ Ke8 33. Nxb8 1-0


[Site "https://www.chess.com"]

[Event "Titled Tuesday Blitz August 15 Early 2023"]
[White "Chyngyz, Sultai"]
[Black "Parkhov, Yair"]
[WhiteFideId "13803158"]
[BlackFideId "2813408"]
[WhiteElo "2421"]
[BlackElo "2664"]
[Result "1-0"]
[Round "4"]
[TimeControl "180+1"]
[Date "2023.08.15"]
[WhiteClock "0:00:17"]
[BlackClock "0:00:04"]
[Board "88"]

1. e4 c5 2. Nf3 Nc6 3. Bb5 Nf6 4. Bxc6 bxc6 5. d3 g6 6. O-O Bg7 7. Nc3 O-O 8. h3 d6 9. e5 Nd7 10. exd6 exd6 11. Ne4 d5 12. Ng3 Re8 13. c3 Ba6 14. Qc2 Qb6 15. Rb1 Nf8 16. Be3 Ne6 17. Rfd1 Rad8 18. Kh2 Qb8 19. d4 c4 20. b3 cxb3 21. Rxb3 Qc7 22. Rdb1 h5 23. h4 Nf4 24. Qd2 Nd3 25. Bh6 Bxh6 26. Qxh6 Nxf2 27. Qg5 Ng4+ 28. Kh3 Bd3 29. Rb7 Qd6 30. R1b2 Rd7 31. Rxd7 Qxd7 32. Nxh5 Nf6+ 33. g4 Nxh5 34. Ne5 Qe6 35. Rb7 Ng7 36. Qf4 Rf8 37. Nd7 Qe2 38. Nf6+ Kh8 39. Qh6# 1-0


[Site "https://www.chess.com"]

[Event "Titled Tuesday Blitz August 15 Early 2023"]
[White "Frayna, Janelle Mae"]
[Black "Kleiman, Jake"]
[WhiteFideId "5212499"]
[BlackFideId "2020041"]
[WhiteElo "2412"]
[BlackElo "2655"]
[Result "0-1"]
[Round "4"]
[TimeControl "180+1"]
[Date "2023.08.15"]
[WhiteClock "0:02:12"]
[BlackClock "0:02:44"]
[Board "89"]

1. Nf3 d5 2. c4 e6 3. g3 Nf6 4. Bg2 dxc4 5. O-O a6 6. a4 Nc6 7. Qc2 e5 8. Qxc4 Be6 9. Qc2 e4 10. Ng5 Nd4 0-1


[Site "https://www.chess.com"]

[Event "Titled Tuesday Blitz August 15 Early 2023"]
[White "Smiechu"]
[Black "Iskusnyh, Sergei"]
[BlackFideId "4120027"]
[WhiteElo "2388"]
[BlackElo "2648"]
[Result "1-0"]
[Round "4"]
[TimeControl "180+1"]
[Date "2023.08.15"]
[WhiteClock "0:00:10"]
[BlackClock "0:00:00"]
[Board "90"]

1. e4 e6 2. d4 d5 3. Bd3 c5 4. exd5 exd5 5. Nf3 Nf6 6. O-O Nc6 7. Re1+ Be7 8. dxc5 O-O 9. Be3 Ng4 10. Nc3 Nxe3 11. fxe3 Be6 12. Nd4 g6 13. Nxe6 fxe6 14. Qg4 Rf6 15. e4 Bxc5+ 16. Kh1 d4 17. e5 Rf7 18. Ne4 Nxe5 19. Qg3 Nxd3 20. cxd3 Bb4 21. Rf1 Qf8 22. Kg1 Rf5 23. Qh4 Be7 24. Qg3 Rc8 25. Rac1 Rxc1 26. Rxc1 Kg7 27. h3 Bd8 28. Qb8 Bb6 29. Rc8 Qe7 30. Rg8+ Kh6 31. Qg3 Bc7 32. Qe1 Qf7 33. Rc8 Rf1+ 34. Qxf1 Bh2+ 35. Kxh2 Qxf1 36. Rc7 Qe2 37. h4 g5 38. Nxg5 Qxd3 39. Re7 Kg6 40. Rxe6+ Kf5 41. Re7 Kg4 42. Nf3 Qd1 43. Rg7+ Kf4 44. Rxh7 d3 45. Rd7 Qb1 46. h5 Ke4 47. h6 Qxb2 48. h7 1-0


[Site "https://www.chess.com"]

[Event "Titled Tuesday Blitz August 15 Early 2023"]
[White "Shuvalova, Polina"]
[Black "Fuzesabonyilaci"]
[WhiteFideId "24171760"]
[WhiteElo "2643"]
[BlackElo "2384"]
[Result "1-0"]
[Round "4"]
[TimeControl "180+1"]
[Date "2023.08.15"]
[WhiteClock "0:00:04"]
[BlackClock "0:00:00"]
[Board "91"]

1. f4 Nh6 2. Nf3 d5 3. g3 c5 4. Bg2 g6 5. O-O Bg7 6. e3 O-O 7. d3 Nc6 8. Nbd2 Nf5 9. Qe2 d4 10. Nc4 dxe3 11. c3 b6 12. Bxe3 Ba6 13. Bf2 Rc8 14. Rad1 Qc7 15. Rfe1 Rfd8 16. Nfe5 Nxe5 17. Nxe5 Bb7 18. Be4 Nd6 19. Bf3 Nf5 20. Kg2 h5 21. h3 b5 22. g4 hxg4 23. hxg4 Nd6 24. Bxb7 Qxb7+ 25. Qf3 Qxf3+ 26. Kxf3 b4 27. c4 e6 28. b3 a5 29. a3 Nb7 30. axb4 axb4 31. Ke2 Ra8 32. Ra1 Na5 33. Reb1 Nb7 34. Nc6 Rxa1 35. Rxa1 Bxa1 36. Nxd8 Nxd8 37. Bxc5 Bc3 38. d4 Nc6 39. Kd3 Kg7 40. Bd6 f5 41. gxf5 exf5 42. d5 Nd8 43. c5 Nb7 44. Be7 Kf7 45. c6 1-0


[Site "https://www.chess.com"]

[Event "Titled Tuesday Blitz August 15 Early 2023"]
[White "Lach, Aleksandra"]
[Black "ChainedDowntohell"]
[WhiteFideId "1134299"]
[WhiteElo "2383"]
[BlackElo "2641"]
[Result "0-1"]
[Round "4"]
[TimeControl "180+1"]
[Date "2023.08.15"]
[WhiteClock "0:00:07"]
[BlackClock "0:00:05"]
[Board "92"]

1. c4 b6 2. e4 e5 3. g3 Nc6 4. Bg2 Bc5 5. Ne2 d6 6. Nbc3 Nge7 7. a3 a5 8. Rb1 Bg4 9. h3 Bxe2 10. Nxe2 Nd4 11. Nc3 Nec6 12. O-O O-O 13. Kh1 Qb8 14. d3 b5 15. b3 b4 16. axb4 Nxb4 17. f4 exf4 18. Bxf4 Ra6 19. Nd5 Nxd5 20. exd5 Rb6 21. Qg4 Kh8 22. Be3 f5 23. Qh4 Rxb3 24. Rbd1 Qd8 25. Bxd4 Qxh4 26. Bxg7+ Kxg7 27. gxh4 Bd4 28. Rfe1 a4 29. Re7+ Rf7 30. Re8 f4 31. Bf3 Kh6 32. Ra8 a3 33. Ra1 Bxa1 0-1


[Site "https://www.chess.com"]

[Event "Titled Tuesday Blitz August 15 Early 2023"]
[White "Vasques, Antonio Pedro Freixial"]
[Black "Nefedov, Sergey"]
[WhiteFideId "1908332"]
[BlackFideId "24113417"]
[WhiteElo "2362"]
[BlackElo "2637"]
[Result "0-1"]
[Round "4"]
[TimeControl "180+1"]
[Date "2023.08.15"]
[WhiteClock "0:00:00"]
[BlackClock "0:00:39"]
[Board "93"]

1. e4 d5 2. exd5 Qxd5 3. Nc3 Qd8 4. Bc4 Nf6 5. Nf3 g6 6. b3 Bg7 7. Bb2 O-O 8. Qe2 a6 9. a4 Nc6 10. O-O Bg4 11. Ne4 Nxe4 12. Bxg7 Bxf3 13. Qxf3 Nxd2 14. Qc3 Nxf1 15. Bxf8 Qxf8 16. Rxf1 Rd8 17. Bxa6 Nd4 18. Bd3 c6 19. Re1 e6 20. Qa5 Nxb3 21. Qb6 Nc5 22. a5 Nxd3 23. cxd3 Rd7 24. d4 Qd8 25. Qb4 Rxd4 26. Qxb7 Qxa5 27. Rc1 Qd5 28. h3 c5 29. Qc8+ Kg7 30. Qxc5 Rd1+ 31. Kh2 Qxc5 32. Rxc5 Rd2 33. f3 Kf6 34. Kg3 g5 35. Ra5 h5 36. Kh2 e5 37. Ra4 Kf5 38. Kg3 f6 39. h4 Rd4 40. Rxd4 exd4 41. hxg5 fxg5 42. Kf2 h4 0-1


[Site "https://www.chess.com"]

[Event "Titled Tuesday Blitz August 15 Early 2023"]
[White "Arias, Juan Cruz"]
[Black "FlemingA"]
[WhiteFideId "118540"]
[WhiteElo "2635"]
[BlackElo "2373"]
[Result "1-0"]
[Round "4"]
[TimeControl "180+1"]
[Date "2023.08.15"]
[WhiteClock "0:02:18"]
[BlackClock "0:00:42"]
[Board "94"]

1. d4 Nc6 2. e4 d5 3. exd5 Qxd5 4. Nf3 Bg4 5. Be2 O-O-O 6. Be3 e5 7. c4 Qa5+ 8. Bd2 Bb4 9. d5 e4 10. Ng5 Bxe2 11. Qxe2 Nd4 12. Qxe4 Qc5 13. O-O Bxd2 14. Nxd2 Nf6 15. Qd3 1-0


[Site "https://www.chess.com"]

[Event "Titled Tuesday Blitz August 15 Early 2023"]
[White "Osinovsky, Stepan"]
[Black "Omorjan, Dejan"]
[WhiteFideId "4157354"]
[BlackFideId "955345"]
[WhiteElo "2350"]
[BlackElo "2634"]
[Result "0-1"]
[Round "4"]
[TimeControl "180+1"]
[Date "2023.08.15"]
[WhiteClock "0:00:08"]
[BlackClock "0:00:32"]
[Board "95"]

1. e4 d6 2. d4 Nf6 3. Nc3 e5 4. Nge2 Be7 5. g3 h5 6. h3 exd4 7. Nxd4 Nc6 8. Bg2 Nxd4 9. Qxd4 Be6 10. Bg5 c6 11. O-O-O O-O 12. f4 Qb6 13. Qd2 Rfe8 14. f5 Bc4 15. g4 h4 16. Bxh4 Nxe4 17. Nxe4 Bxh4 18. Nxd6 Rad8 19. Qc3 Bxa2 20. Nxe8 Bg5+ 21. Rd2 Bxd2+ 22. Qxd2 Rxd2 23. Kxd2 Qf2+ 0-1


[Site "https://www.chess.com"]

[Event "Titled Tuesday Blitz August 15 Early 2023"]
[White "UgarteCesar"]
[Black "Eynullayev, Atilla"]
[BlackFideId "13413570"]
[WhiteElo "2345"]
[BlackElo "2632"]
[Result "0-1"]
[Round "4"]
[TimeControl "180+1"]
[Date "2023.08.15"]
[WhiteClock "0:00:00"]
[BlackClock "0:00:14"]
[Board "96"]

1. d4 Nf6 2. e3 d5 3. Nf3 e6 4. Nbd2 c5 5. b3 Nc6 6. Bb2 Bd6 7. a3 O-O 8. dxc5 Bxc5 9. Be2 b6 10. O-O Bb7 11. c4 d4 12. exd4 Nxd4 13. Nxd4 Bxd4 14. Bxd4 Qxd4 15. Bf3 Bxf3 16. Nxf3 Qb2 17. Qc1 Qxb3 18. Rb1 Qa4 19. Rb4 Qc6 20. Qc2 Rfd8 21. Rc1 Ne4 22. h4 Nc5 23. Ng5 Nd3 24. Rd1 Nxb4 25. Rxd8+ Rxd8 26. Qxh7+ Kf8 27. Qh8+ Ke7 28. Qxg7 Rd1+ 29. Kh2 Qd6+ 30. g3 Nc6 31. Qxf7+ Kd8 32. Qf3 Kc8 33. Nf7 Qd7 34. Ng5 Rd2 35. Kg1 Kb7 36. c5 Qd5 37. Qf7+ Ka6 38. Kh2 Rd1 39. Nf3 bxc5 0-1


[Site "https://www.chess.com"]